 Dungeon Crawl Stone Soup version 0.29.1-13-g9f3cf754e1 (webtiles) character file.

Game seed: 5258047822679653475

46 shadowmeld the Ducker (level 3, -1/28 HPs)
             Began as a Djinni Transmuter on Jan 30, 2023.
             Killed from afar by a dart slug (4 damage)
             ... with a slug dart
             ... on level 2 of the Dungeon.
             The game lasted 00:07:52 (1815 turns).

shadowmeld the Ducker (Djinni Transmuter)           Turns: 1815, Time: 00:07:53

Health: -1/28      AC:  3    Str: 11    XL:     3   Next: 95%
Gold:   60         EV: 13    Int: 14    God:
                   SH:  0    Dex: 13

rFire   + + .      SeeInvis .   i - +3 dagger
rCold   x . .      Faith    .   (no shield)
rNeg    . . .      Spirit   .   a - +0 robe
rPois   ∞          Reflect  .   (no helmet)
rElec   .          Harm     .   (no cloak)
rCorr   .          Rampage  .   c - +0 pair of gloves
Will    .....                   (boots unavailable)
Stlth   +.........              (no amulet)
HPRegen 0.09/turn               (no ring)
MPRegen 0.00/turn               (no ring)

@: flying
A: sickness immunity, fire resistance 2, cold vulnerability 1, float, innate
caster, HP casting, extra vitality 1
a: no special abilities


You were on level 2 of the Dungeon.
You visited 1 branch of the dungeon, and saw 2 of its levels.

You collected 60 gold pieces.

Inventory:

Hand Weapons
 i - a +3 dagger (weapon)
Armour
 a - a +0 robe (worn)
 c - a +0 pair of gloves (worn)
Scrolls
 f - a scroll of vulnerability {unknown}
 g - a scroll of blinking {unknown}
 h - a scroll of poison {unknown}
 j - a scroll of identify {unknown}
Potions
 d - 2 potions of might {unknown}
 e - a potion of resistance {unknown}


   Skills:
 * Level 1.7 Fighting
 * Level 3.1 Dodging
 - Level 3.0 Unarmed Combat
 * Level 2.3 Spellcasting


You couldn't memorise any spells.
You knew the following spells:

 Your Spells              Type           Power      Damage    Failure   Level
a - Beastly Appendage     Tmut           16%        N/A       9%          1
b - Wereblood             Tmut           8%         N/A       14%         2
c - Spider Form           Tmut/Pois      8%         N/A       26%         3
d - Ice Form              Ice/Tmut       8%         N/A       65%         4
e - Shock                 Conj/Air       32%        1d5       9%          1
Your spell library was empty.

Dungeon Overview and Level Annotations

Branches:
Dungeon (2/15)

Altars:

Annotations:
D:2 Ijyb


Innate Abilities, Weirdness & Mutations

You are immune to sickness and miasma.
You are immune to poison.
Your flesh is very heat resistant. (rF++)
You are vulnerable to cold. (rC-)
You float through the air rather than walking.
You learn spells naturally, not from books.
Your magical power is your life essence.
You have superior vitality. (+4 MHP)


Message History

The slug dart hits you but does no damage.
The adder bites you but does no damage. Ijyb hits you but does no damage.
The kobold hits you but does no damage.
You hit the giant cockroach.
The giant cockroach is almost dead.
The giant cockroach bites you but does no damage.
The jackal bites you but does no damage. x2
The adder bites you but does no damage. The kobold hits you with a +0 whip.
* * * LOW HITPOINT WARNING * * *
Ijyb hits you but does no damage.
You hit the giant cockroach.
You kill the giant cockroach!
The jackal bites you but does no damage. x2
The adder bites you but does no damage. The dart slug launches a dart at you.
The slug dart hits you but does no damage.
The kobold barely misses you.
The jackal bites you but does no damage. x2
Ijyb hits you but does no damage.
You hit the rat.
You kill the rat!
The adder bites you but does no damage.
The jackal bites you but does no damage. x2
The dart slug bites you but does no damage.
The adder bites you.
* * * LOW HITPOINT WARNING * * *
Ijyb hits you but does no damage. The kobold barely misses you.
You barely miss the jackal.
The jackal bites you but does no damage. x2
The adder bites you.
* * * LOW HITPOINT WARNING * * *
The kobold hits you but does no damage. Ijyb hits you but does no damage.
You barely miss the jackal.
You feel less wooden.
Your +0 pair of gloves unmelds from your body.
Your +0 robe unmelds from your body.
The jackal barely misses you. The jackal misses you.
The adder bites you but does no damage. The dart slug launches a dart at you.
The slug dart hits you.
You die...

#....))...#...#.# #... ###
####.)#####.###.# #...
....#######.....##.###.# #[..
..........)............#####..
##......########........##..
.#......#########.##..##....#
#........8.8.8.8.#.##.........
#..>........Kh...#.##.........
#...........h@g.!#...........#
............†Sw..#.#.........#
................?#.#.........#
.................# #.........#
.........8.8.8.8.# #.........#
........######### ...$...
......


You could see Ijyb, an adder, a dart slug, 2 jackals and a kobold.

Vanquished Creatures
  A dart slug (D:1)
  5 ball pythons
  2 endoplasms (D:1)
  2 giant cockroaches
  10 goblins
  6 hobgoblins (D:1)
  2 jackals (D:2)
  A quokka (D:1)
  2 bats (D:1)
  A frilled lizard (D:1)
  3 kobolds (D:1)
  6 rats
41 creatures vanquished.

Notes
Turn   | Place    | Note
-------+----------+-------------------------------------------
     0 | D:1      | shadowmeld the Djinni Transmuter began the quest for the
                  | Orb.
     0 | D:1      | shadowmeld set off with the following spells memorised:
                  | Beastly Appendage, Wereblood, Spider Form, Ice Form.
     0 | D:1      | Reached XP level 1. HP: 17/17 MP: 0/0
   275 | D:1      | Reached XP level 2. HP: 7/22 MP: 0/0
   885 | D:1      | Reached XP level 3. HP: 26/27 MP: 0/0
   885 | D:1      | Learned a level 1 spell: Shock
  1785 | D:2      | Noticed Ijyb
  1815 | D:2      | Killed from afar by a dart slug

Illustrated notes

Levels and vault maps discovered:
D:1:      ncdulo_smallfort, layout_basic
D:2:      kennysheep_the_goblin_king, layout_rooms

Skill      XL: |  1  2  3 |
---------------+----------+-----
Spellcasting   | 2 |  2.3
Dodging        | 3 |  3.1
Fighting       | |  1.7
Unarmed Combat | |  3.0

Action                   || total
-------------------------++-------
Melee: Unarmed           ||   110
       Headbutt          ||    20
       Punch             ||     3
       Dagger            ||    43
 Cast: Beastly Appendage ||    26
  Use: Potion            ||     1
Armor: Robe              ||    47
       Skin              ||    97
Dodge: Dodged            ||   104
